 Dungeon Crawl Stone Soup version 0.28.0-1-gb440e238dd (webtiles) character file.

Game seed: 11850655701569237417

316 issech the Cudgeller (level 6, -9/61 HPs)
             Began as a Troll Monk on Feb 25, 2022.
             Mangled by an ogre (33 damage)
             ... on level 5 of the Dungeon.
             The game lasted 00:09:20 (3710 turns).

issech the Cudgeller (Troll Monk)                   Turns: 3710, Time: 00:09:21

Health: -9/61      AC:  4    Str: 20    XL:     6   Next: 20%
Magic:  5/5        EV:  7    Int:  6    God:
Gold:   125        SH: 11    Dex: 14    Spells: 5/5 levels left

rFire   . . .      SeeInvis .   a - +0 mace
rCold   . . .      Faith    .   j - +0 tower shield
rNeg    . . .      Spirit   .   b - +0 robe
rPois   .          Reflect  .   (helmet restricted)
rElec   .          Harm     .   (no cloak)
rCorr   .          Rampage  .   (gloves unavailable)
Will    .....                   (boots unavailable)
Stlth   ++........              (no amulet)
HPRegen 1.00/turn               (no ring)
MPRegen 0.09/turn               (no ring)

@: no status effects
A: large, unfitting armour, claws 3, regeneration 1, shaggy fur 1, tough skin 1
a: no special abilities


You were on level 5 of the Dungeon.
You visited 1 branch of the dungeon, and saw 5 of its levels.

You collected 125 gold pieces.

Inventory:

Hand Weapons
 a - a +0 mace (weapon)
Missiles
 d - 6 javelins (quivered)
 e - 134 stones
 r - 21 bolts
 s - 4 poisoned darts
Armour
 b - a +0 robe (worn)
 j - a +0 tower shield (worn)
 o - a +0 animal skin
 p - a +1 helmet
Jewellery
 c - a ring of wizardry
Scrolls
 f - 2 scrolls of amnesia {unknown}
 h - 4 scrolls of identify {unknown}
 i - 4 scrolls of fear {unknown}
 m - 2 scrolls of teleportation {unknown}
 n - a scroll of noise {unknown}
 q - a scroll of magic mapping {unknown}
 u - a scroll of brand weapon {unknown}
 v - a scroll of fog {unknown}
 w - a scroll of blinking {unknown}
 y - 3 scrolls of vulnerability {unknown}
 z - a scroll of enchant armour {unknown}
Potions
 g - a potion of brilliance {unknown}
 k - a potion of flight {unknown}
 l - a potion of lignification {unknown}
 t - 2 potions of attraction {unknown}
 x - 2 potions of curing {unknown}
 A - a potion of heal wounds {unknown}


   Skills:
 + Level 3.1 Fighting
 + Level 4.8 Maces & Flails
 + Level 3.2 Dodging
 + Level 1.2 Stealth
 + Level 1.7 Shields


You had 5 spell levels left.
You didn't know any spells.
Your spell library contained the following spells:

 Spells                   Type           Power      Damage    Failure   Level
 Corpse Rot               Necr/Air       0%         N/A       99%         2
 Poisonous Vapours        Pois/Air       0%         N/A       99%         2
 Sublimation of Blood     Necr           0%         N/A       99%         2
 Wereblood                Tmut           0%         N/A       99%         2
 Animate Dead             Necr           0%         N/A       100%        4
 Haunt                    Necr/Summ      0%         N/A       100%        7
 Summon Hydra             Summ           0%         N/A       100%        7
 Infestation              Necr           0%         N/A       100%        8


Dungeon Overview and Level Annotations

Branches:
Dungeon (5/15)
 Temple: D:4-7

Altars:

Shops:
D:5 *


Innate Abilities, Weirdness & Mutations

You are too large for most types of armour.
You have claws for hands.
Your natural rate of healing is unusually fast.
You are covered in fur. (AC +1)
You have tough skin. (AC +1)


Message History

You now have 125 gold pieces (gained 13).
A quokka comes into view.
An ogre comes into view. It is wielding a +0 giant club.
The ogre shouts!
The ogre moves out of view.
A quokka is nearby!
You thump the ogre!
The ogre is moderately wounded.
You block the ogre's attack. The quokka closely misses you.
You hit the ogre but do no damage.
The ogre is moderately wounded.
The quokka bites you but does no damage.
You block the ogre's attack. You block the quokka's attack.
You barely miss the ogre.
The ogre is moderately wounded.
The ogre barely misses you. You block the quokka's attack.
You block the quokka's attack.
You closely miss the quokka. You block the quokka's attack.
The ogre barely misses you. The quokka closely misses you.
You closely miss the quokka. The quokka barely misses you.
The ogre hits you with a +0 giant club! You block the quokka's attack.
You closely miss the quokka. The ogre hits you with a +0 giant club.
You block the quokka's attack. The quokka barely misses you.
You hit the ogre.
The ogre is heavily wounded.
The ogre hits you with a +0 giant club! You block the quokka's attack.
The ogre hits you with a +0 giant club!
You hit the ogre.
The ogre is heavily wounded.
You block the quokka's attack. x2; The ogre hits you with a +0 giant club.
You sock the ogre!
The ogre is almost dead.
You block the quokka's attack. The ogre barely misses you.
The quokka barely misses you.
You hit the ogre.
The ogre is almost dead.
The quokka bites you but does no damage.
The ogre hits you with a +0 giant club!!
Ouch! That really hurt!
You die...

#...8...... #. #.
###........
##.###.#########........
........................
........................
#............##........
#............##........
#............##........
#.....@......#####..###
#.....rO......# ##รท##
#.............# #..#
#.............#####<.#
#................##..##
###.....########.##....
#.....# #......# #.....#
#.####.. #.....# ### #.#


You could see an ogre and a quokka.

Vanquished Creatures
  A hound (D:2)
  An orc priest (D:4)
  A centaur skeleton (D:5)
  Jessica (D:2)
  An iguana (D:5)
  An orc wizard (D:4)
  A hound skeleton (D:4)
  Robin (D:3)
  4 adders
  A worm (D:2)
  A dart slug (D:4)
  11 orcs
  4 bats
  5 endoplasms
  2 giant cockroaches
  9 hobgoblins
  4 jackals (D:1)
  3 quokkas
  A ball python (D:3)
  4 frilled lizards (D:1)
  15 goblins
  4 kobolds
  4 rats
80 creatures vanquished.

Notes
Turn   | Place    | Note
-------+----------+-------------------------------------------
     0 | D:1      | issech the Troll Monk began the quest for the Orb.
     0 | D:1      | Reached XP level 1. HP: 22/22 MP: 0/0
   279 | D:1      | Reached skill level 3 in Maces & Flails
   279 | D:1      | Reached XP level 2. HP: 28/29 MP: 1/1
   786 | D:1      | Reached XP level 3. HP: 36/36 MP: 2/2
  1132 | D:2      | Found a faded altar of an unknown god.
  1530 | D:2      | Reached XP level 4. HP: 43/44 MP: 3/3
  1679 | D:2      | Noticed Jessica
  1696 | D:2      | Killed Jessica
  2210 | D:3      | Noticed Robin
  2219 | D:3      | Killed Robin
  2220 | D:3      | Reached skill level 4 in Maces & Flails
  2460 | D:3      | Reached XP level 5. HP: 52/52 MP: 4/4
  2911 | D:4      | Reached skill level 1 in Shields
  3478 | D:5      | Entered Level 5 of the Dungeon
  3485 | D:5      | Reached XP level 6. HP: 59/61 MP: 5/5
  3509 | D:5      | Found Ponguts's Assorted Antiques.
  3710 | D:5      | Mangled by an ogre

Illustrated notes

Levels and vault maps discovered:
D:1:      shiori_shiawase, layout_loops_corners
D:2:      layout_basic, ebering_ecumenical_altar_rust, kennysheep_jessica_study
D:3:      layout_basic, uniq_robin
D:4:      layout_basic, hangedman_decor_points, serial_park_tiny_pond
D:5:      layout_basic, nicolae_overflows_in_rows, serial_shops,
          nicolae_shop_behind_doors, nicolae_shop_statue_plus,
          nicolae_shop_statue_plus, shop, minmay_tree_intersection,
          uniq_blork_the_orc

Skill      XL: |  1  2  3  4  5 |
---------------+----------------+-----
Maces & Flails | 3 4 |  4.8
Dodging        | 3 |  3.2
Fighting       | 3 |  3.1
Shields        | 1 |  1.7
Stealth        | |  1.2

Action                   |  1- 3 |  4- 6 || total
-------------------------+-------+-------++-------
Melee: Mace              |   111 |   200 ||   311
 Stab: Sleeping          |     1 |     1 ||     2
Armor: Robe              |    56 |    60 ||   116
Dodge: Dodged            |    60 |    62 ||   122
Block: Tower shield      |    17 |   141 ||   158
